| TOP OF THE 1ST |
|
York Revolution batting - Pitching for Brockton Rox : RHP Teruhiko Ushijima
|
|
Pitching: RHP Teruhiko Ushijima
|
|
|
Batting: RHB Ivan Barrientos
|
0-0: Ball 1-0: Swinging Strike 1-1: Called Strike 1-2: Ball 2-2: Strikes out swinging
|
|
Batting: RHB Juan Valadez
|
0-0: Ball 1-0: Ball 2-0: Fly out, F6 (Popup, 56D, EV 48.1 MPH)
|
|
Batting: RHB Jose Corral
|
0-0: Ball 1-0: Foul Ball, location: 2F 1-1: Ball 2-1: Foul Ball, location: 2F 2-2: Fly out, F9 (Flyball, 9, EV 89.4 MPH)
|
| Top of the 1st over - 0 runs, 0 hits, 0 errors, 0 left on base; York 0 - Brockton 0 |
| BOTTOM OF THE 1ST |
|
Brockton Rox batting - Pitching for York Revolution : RHP Jamie Gordam
|
|
Pitching: RHP Jamie Gordam
|
|
|
Batting: RHB Roger Mitchell
|
0-0: Called Strike 0-1: Swinging Strike 0-2: Ground out 4-3 (Groundball, 4, EV 108.1 MPH)
|
|
Batting: SHB Arihito Hiramoto
|
0-0: Foul Ball, location: 2F 0-1: Ball 1-1: Fly out, F5 (Popup, 56S, EV 65.6 MPH)
|
|
Batting: RHB Bakhtiar Asadov
|
0-0: Foul Ball, location: 2F 0-1: SOLO HOME RUN (Flyball, 8LXD, EV 113.1 MPH), Distance : 444 ft
|
|
Batting: RHB Willie Camacho
|
0-0: Ball 1-0: Ball 2-0: Called Strike 2-1: Swinging Strike 2-2: SINGLE (Flyball, 78S, EV 88.8 MPH)
|
|
Batting: RHB Panam Palmer
|
0-0: Ball 1-0: Ball 2-0: Swinging Strike 2-1: Swinging Strike 2-2: Foul Ball, location: 2F 2-2: Strikes out swinging
|
| Bottom of the 1st over - 1 run, 2 hits, 0 errors, 1 left on base; York 0 - Brockton 1 |
| TOP OF THE 2ND |
|
York Revolution batting - Pitching for Brockton Rox : RHP Teruhiko Ushijima
|
|
Batting: RHB Victor Arias
|
0-0: Ball 1-0: Called Strike 1-1: Called Strike 1-2: Strikes out swinging
|
|
Batting: RHB Eddie Serna
|
0-0: DOUBLE (Flyball, 89D, EV 101.9 MPH)
|
|
Batting: SHB Steve DeRienzo
|
0-0: Called Strike 0-1: Ball 1-1: Called Strike 1-2: Strikes out swinging
|
|
Batting: RHB Dave Gallegos
|
0-0: Swinging Strike 0-1: Foul Ball, location: 2F 0-2: Strikes out looking
|
| Top of the 2nd over - 0 runs, 1 hit, 0 errors, 1 left on base; York 0 - Brockton 1 |
| BOTTOM OF THE 2ND |
|
Brockton Rox batting - Pitching for York Revolution : RHP Jamie Gordam
|
|
Batting: RHB Mo Tsang
|
0-0: Foul Ball, location: 2F 0-1: Ball 1-1: Ball 2-1: SINGLE (Line Drive, 9S, EV 103.1 MPH)
|
|
Batting: RHB Eric McClelland
|
0-0: Ball 1-0: Swinging Strike 1-1: Called Strike 1-2: Strikes out swinging
|
|
Batting: LHB Kien-lung Zou
|
0-0: Swinging Strike 0-1: 2-RUN HOME RUN (Flyball, 9D, EV 100.6 MPH), Distance : 419 ft
|
|
Batting: LHB Isaiah Spitzbarth
|
0-0: Called Strike 0-1: Fly out, F5 (Flyball, 5D, EV 88.8 MPH)
|
|
Batting: RHB Roger Mitchell
|
0-0: Foul Ball, location: 2F 0-1: Ball 1-1: Swinging Strike 1-2: Fly out, F2 (Popup, 3SF, EV 71.9 MPH)
|
| Bottom of the 2nd over - 2 runs, 2 hits, 0 errors, 0 left on base; York 0 - Brockton 3 |
| TOP OF THE 3RD |
|
York Revolution batting - Pitching for Brockton Rox : RHP Teruhiko Ushijima
|
|
Batting: RHB Joel Gomez
|
0-0: Called Strike 0-1: Foul Ball, location: 2F 0-2: Ball 1-2: Ball 2-2: Ball 3-2: Base on Balls
|
|
Batting: RHB Alexis Graciani
|
0-0: Called Strike 0-1: Swinging Strike 0-2: Foul Ball, location: 2F 0-2: Strikes out swinging
|
|
Batting: RHB Ivan Barrientos
|
0-0: Called Strike 0-1: Ball 1-1: Called Strike 1-2: Grounds into double play, 6-4-3 (Groundball, 6, EV 98.8 MPH)
|
| Top of the 3rd over - 0 runs, 0 hits, 0 errors, 0 left on base; York 0 - Brockton 3 |
| BOTTOM OF THE 3RD |
|
Brockton Rox batting - Pitching for York Revolution : RHP Jamie Gordam
|
|
Batting: SHB Arihito Hiramoto
|
0-0: SINGLE (Flyball, 5D, EV 85.6 MPH)
|
|
Batting: RHB Bakhtiar Asadov
|
0-0: Fly out, F8 (Flyball, 89M, EV 93.1 MPH)
|
|
Batting: RHB Willie Camacho
|
0-0: Called Strike 0-1: Ball 1-1: Foul Ball, location: 2F 1-2: Ball 2-2: Fly out, F8 (Flyball, 8RXD, EV 88.1 MPH)
|
|
Batting: RHB Panam Palmer
|
0-0: Fielders Choice at 2nd, 6-4 (Groundball, 6, EV 105.6 MPH)
|
| Bottom of the 3rd over - 0 runs, 1 hit, 0 errors, 1 left on base; York 0 - Brockton 3 |
| TOP OF THE 4TH |
|
York Revolution batting - Pitching for Brockton Rox : RHP Teruhiko Ushijima
|
|
Batting: RHB Juan Valadez
|
0-0: Ball 1-0: Swinging Strike 1-1: Called Strike 1-2: SINGLE (Line Drive, 8RS, EV 100.6 MPH)
|
|
Batting: RHB Jose Corral
|
0-0: Ball 1-0: Ball 2-0: Ball 3-0: Base on Balls Juan Valadez to second
|
|
Batting: RHB Victor Arias
|
0-0: Foul Ball, location: 2F 0-1: SINGLE (Line Drive, 7S, EV 108.1 MPH) Juan Valadez to third Jose Corral to second
|
|
Batting: RHB Eddie Serna
|
0-0: Ball 1-0: Ball 2-0: Foul Ball, location: 2F 2-1: Called Strike 2-2: Strikes out swinging
|
|
Batting: SHB Steve DeRienzo
|
0-0: Fly out, F7 (Flyball, 7, EV 93.1 MPH)
|
|
Batting: RHB Dave Gallegos
|
0-0: Ball 1-0: Fielders Choice at 2nd, 5-4 (Groundball, 56, EV 80.0 MPH)
|
| Top of the 4th over - 0 runs, 2 hits, 0 errors, 3 left on base; York 0 - Brockton 3 |
| BOTTOM OF THE 4TH |
|
Brockton Rox batting - Pitching for York Revolution : RHP Jamie Gordam
|
|
Batting: RHB Mo Tsang
|
0-0: Called Strike 0-1: Ball 1-1: Ball 2-1: Ball 3-1: SINGLE (Line Drive, 4D, EV 101.2 MPH)
|
|
Batting: RHB Eric McClelland
|
0-0: Ball 1-0: Swinging Strike 1-1: Called Strike 1-2: Fly out, F2 (Popup, 23F, EV 85.0 MPH)
|
|
Batting: LHB Kien-lung Zou
|
0-0: Called Strike 0-1: Foul Ball, location: 2F 0-2: Strikes out looking
|
|
Batting: LHB Isaiah Spitzbarth
|
0-0: Ball 1-0: Fly out, F8 (Flyball, 8RM, EV 95.0 MPH)
|
| Bottom of the 4th over - 0 runs, 1 hit, 0 errors, 1 left on base; York 0 - Brockton 3 |
| TOP OF THE 5TH |
|
York Revolution batting - Pitching for Brockton Rox : RHP Teruhiko Ushijima
|
|
Batting: RHB Joel Gomez
|
0-0: Ball 1-0: DOUBLE (Flyball, 8LXD, EV 93.8 MPH)
|
|
Batting: RHB Alexis Graciani
|
0-0: Ball 1-0: Ball 2-0: Foul Ball, location: 2F 2-1: Called Strike 2-2: Strikes out swinging
|
|
Batting: RHB Ivan Barrientos
|
0-0: Ball 1-0: Fly out, F7 (Flyball, 78M, EV 90.0 MPH)
|
|
Batting: RHB Juan Valadez
|
0-0: Foul Ball, location: 2F 0-1: Ball 1-1: Fly out, F9 (Flyball, 9, EV 93.8 MPH)
|
| Top of the 5th over - 0 runs, 1 hit, 0 errors, 1 left on base; York 0 - Brockton 3 |
| BOTTOM OF THE 5TH |
|
Brockton Rox batting - Pitching for York Revolution : RHP Jamie Gordam
|
|
Batting: RHB Roger Mitchell
|
0-0: Ball 1-0: Called Strike 1-1: Ball 2-1: Foul Ball, location: 2F 2-2: Strikes out swinging
|
|
Batting: SHB Arihito Hiramoto
|
0-0: Called Strike 0-1: Foul Ball, location: 2F 0-2: Ball 1-2: Ball 2-2: Foul Ball, location: 2F 2-2: Ball 3-2: Base on Balls
|
|
Batting: RHB Bakhtiar Asadov
|
0-0: Called Strike 0-1: Swinging Strike 0-2: Strikes out swinging
|
|
Batting: RHB Willie Camacho
|
0-0: Fielders Choice at 2nd, 5-4 (Groundball, 56, EV 108.1 MPH)
|
| Bottom of the 5th over - 0 runs, 0 hits, 0 errors, 1 left on base; York 0 - Brockton 3 |
| TOP OF THE 6TH |
|
York Revolution batting - Pitching for Brockton Rox : RHP Teruhiko Ushijima
|
|
Batting: RHB Jose Corral
|
0-0: Ball 1-0: Called Strike 1-1: Ground out 5-3 (Groundball, 5L, EV 105.0 MPH)
|
|
Batting: RHB Victor Arias
|
0-0: Called Strike 0-1: Foul Ball, location: 2F 0-2: Ball 1-2: Foul Ball, location: 2F 1-2: SINGLE (Groundball, 56D, EV 110.6 MPH)
|
|
Batting: RHB Eddie Serna
|
0-0: Called Strike 0-1: Foul Ball, location: 2F 0-2: Foul Ball, location: 2F 0-2: Strikes out swinging
|
|
Batting: SHB Steve DeRienzo
|
0-0: Foul Ball, location: 2F 0-1: Ball 1-1: Called Strike 1-2: Ball 2-2: Strikes out swinging
|
| Top of the 6th over - 0 runs, 1 hit, 0 errors, 1 left on base; York 0 - Brockton 3 |
| BOTTOM OF THE 6TH |
|
Brockton Rox batting - Pitching for York Revolution : RHP Jamie Gordam
|
|
Batting: RHB Panam Palmer
|
0-0: Called Strike 0-1: Ball 1-1: Foul Ball, location: 2F 1-2: Ball 2-2: SINGLE (Groundball, 6MD, EV 98.1 MPH)
|
|
Pitching: RHP Tony Machado
|
|
|
Batting: RHB Mo Tsang
|
0-0: Ball 1-0: Foul Ball, location: 2F 1-1: Fly out, F9 (Flyball, 89M, EV 73.1 MPH)
|
|
Batting: RHB Eric McClelland
|
0-0: Called Strike 0-1: Ball 1-1: Hit by Pitch Panam Palmer to second
|
|
Batting: LHB Kien-lung Zou
|
0-0: Ball 1-0: Ball 2-0: SINGLE (Line Drive, 89S, EV 100.6 MPH) Panam Palmer to third Eric McClelland to second
|
|
Batting: LHB Isaiah Spitzbarth
|
0-0: Swinging Strike 0-1: Fly out, F8 (Flyball, 8LD, EV 100.0 MPH)
|
|
Batting: RHB Roger Mitchell
|
0-0: Called Strike 0-1: Ball 1-1: Fly out, F7 (Flyball, 7D, EV 104.4 MPH)
|
| Bottom of the 6th over - 0 runs, 2 hits, 0 errors, 3 left on base; York 0 - Brockton 3 |
| TOP OF THE 7TH |
|
York Revolution batting - Pitching for Brockton Rox : RHP Teruhiko Ushijima
|
|
Pitching: RHP Marco Benavente
|
|
|
Batting: RHB Dave Gallegos
|
0-0: Called Strike 0-1: Swinging Strike 0-2: Ball 1-2: Foul Ball, location: 2F 1-2: Strikes out swinging
|
|
Batting: RHB Joel Gomez
|
0-0: Called Strike 0-1: Called Strike 0-2: Foul Ball, location: 2F 0-2: Ball 1-2: Ball 2-2: Fly out, F9 (Flyball, 9LSF, EV 87.5 MPH)
|
|
Batting: RHB Alexis Graciani
|
0-0: Ball 1-0: Foul Ball, location: 2F 1-1: Swinging Strike 1-2: Foul Ball, location: 2F 1-2: Strikes out looking
|
| Top of the 7th over - 0 runs, 0 hits, 0 errors, 0 left on base; York 0 - Brockton 3 |
| BOTTOM OF THE 7TH |
|
Brockton Rox batting - Pitching for York Revolution : RHP Tony Machado
|
|
Pitching: RHP Hugo Rodriguez
|
|
|
Batting: SHB Arihito Hiramoto
|
0-0: Foul Ball, location: 2F 0-1: Ball 1-1: Ball 2-1: Ball 3-1: SINGLE (Groundball, 56D, EV 98.1 MPH)
|
|
Batting: RHB Bakhtiar Asadov
|
0-0: Ball 1-0: Foul Ball, location: 2F 1-1: Foul Ball, location: 2F 1-2: SINGLE (Line Drive, 9S, EV 110.0 MPH) Arihito Hiramoto to second
|
|
Batting: RHB Willie Camacho
|
0-0: Fly out, F9 (Line Drive, 9LD, EV 86.9 MPH) Runner from 2nd tags up, SAFE at 3rd, no throw by RF
|
|
Pinch Hitting: LHB Robert Gonzalez
|
0-0: Fly out, F7 (Flyball, 7LSF, EV 80.6 MPH)
|
|
Batting: RHB Mo Tsang
|
0-0: SINGLE (Groundball, 56D, EV 103.1 MPH) Arihito Hiramoto scores Bakhtiar Asadov to second
|
|
Batting: RHB Eric McClelland
|
0-0: Foul Ball, location: 2F 0-1: Foul Ball, location: 2F 0-2: Strikes out swinging
|
| Bottom of the 7th over - 1 run, 3 hits, 0 errors, 2 left on base; York 0 - Brockton 4 |
| TOP OF THE 8TH |
|
York Revolution batting - Pitching for Brockton Rox : RHP Marco Benavente
|
|
Pitching: RHP Paul Carter
|
|
|
Now in CF: Robert Gonzalez
|
|
|
Batting: RHB Ivan Barrientos
|
0-0: Ball 1-0: Swinging Strike 1-1: Ball 2-1: Called Strike 2-2: Strikes out swinging
|
|
Batting: RHB Juan Valadez
|
0-0: Ball 1-0: Ball 2-0: Foul Ball, location: 2F 2-1: Foul Ball, location: 2F 2-2: Foul Ball, location: 2F 2-2: Strikes out swinging
|
|
Batting: RHB Jose Corral
|
0-0: Ball 1-0: Ball 2-0: Ball 3-0: Called Strike 3-1: Base on Balls
|
|
Batting: RHB Victor Arias
|
0-0: Ball 1-0: Called Strike 1-1: Ball 2-1: Foul Ball, location: 2F 2-2: Strikes out swinging
|
| Top of the 8th over - 0 runs, 0 hits, 0 errors, 1 left on base; York 0 - Brockton 4 |
| BOTTOM OF THE 8TH |
|
Brockton Rox batting - Pitching for York Revolution : RHP Hugo Rodriguez
|
|
Pitching: RHP Tim Starks
|
|
|
Batting: LHB Kien-lung Zou
|
0-0: Called Strike 0-1: Ground out 4-3 (Groundball, 4, EV 103.1 MPH)
|
|
Batting: LHB Isaiah Spitzbarth
|
0-0: Called Strike 0-1: Foul Ball, location: 2F 0-2: Strikes out swinging
|
|
Batting: RHB Roger Mitchell
|
0-0: Called Strike 0-1: Ball 1-1: SOLO HOME RUN (Flyball, 7D, EV 98.8 MPH), Distance : 385 ft
|
|
Batting: SHB Arihito Hiramoto
|
0-0: Ball 1-0: Ball 2-0: SINGLE (Groundball, 3D, EV 101.9 MPH)
|
|
Batting: RHB Bakhtiar Asadov
|
0-0: Ball 1-0: Ball 2-0: Fly out, F8 (Flyball, 8RM, EV 76.9 MPH)
|
| Bottom of the 8th over - 1 run, 2 hits, 0 errors, 1 left on base; York 0 - Brockton 5 |
| TOP OF THE 9TH |
|
York Revolution batting - Pitching for Brockton Rox : RHP Paul Carter
|
|
Batting: RHB Eddie Serna
|
0-0: Called Strike 0-1: Foul Ball, location: 2F 0-2: Ball 1-2: Strikes out swinging
|
|
Batting: SHB Steve DeRienzo
|
0-0: Foul Ball, location: 2F 0-1: Ball 1-1: Ground out 4-3 (Groundball, 4, EV 103.1 MPH)
|
|
Batting: RHB Dave Gallegos
|
0-0: Ball 1-0: Called Strike 1-1: Ball 2-1: Foul Ball, location: 2F 2-2: Strikes out looking
|
| Top of the 9th over - 0 runs, 0 hits, 0 errors, 0 left on base; York 0 - Brockton 5 |
|